 Dungeon Crawl Stone Soup version 0.31-a0-1412-g7b7c7d10e1 (webtiles) character file.

Game seed: 623436108140503946

1762345 EnegeticOcto the Phalangite (level 25, 206/223 HPs)
             Began as a Merfolk Warper on Dec 26, 2023.
             Was a Follower of Yredelemnul.
             Escaped with the Orb
             ... and 3 runes
             ... and 1 gem!
             The game lasted 01:50:20 (64910 turns).

EnegeticOcto the Phalangite (Merfolk Warper)       Turns: 64910, Time: 01:50:22

Health: 206/223    AC: 24    Str: 13      XL:     25   Next: 80%
Magic:  35/35      EV: 32    Int: 16 (19) God:    Yredelemnul [*.....]
Gold:   4901       SH: 19    Dex: 33      Spells: 14/34 levels left

rFire   + . .        x - +9 demon trident (venom)
rCold   + + .        F - +2 kite shield
rNeg    . . .        L - +6 scale mail {rF+}
rPois   +            f - +2 helmet of the Prince of Darkness {Int+5 Dex+5}
rElec   +            X - +2 cloak {Will+}
rCorr   .            H - +2 pair of gloves
SInv    +            S - +0 pair of boots of the Wumpus {^Drain Fly Slay+6 SInv}
Will    +++..        i - amulet of guardian spirit
Stlth   +            v - ring of willpower
HPRegen 0.57/turn    d - ring "Xolot" {rElec rPois rC++ Dex+6 Stlth-}
MPRegen 0.24/turn

%: guardian spirit
@: flying, studying 2 skills
A: (nimble swimmer 2), mertail, deformed body
0: Orb of Zot
}: 3/15 runes: barnacled, silver, gossamer
a: Renounce Religion, Recall Undead Harvest


You escaped.
You worshipped Yredelemnul.
Yredelemnul was most pleased with you.
You visited 10 branches of the dungeon, and saw 48 of its levels.
You visited 1 bazaar.
You also visited: Ossuary, Gauntlet and Volcano.

You collected 7650 gold pieces.
You spent 2749 gold pieces at shops.

Inventory:

Hand Weapons
 x - a +9 demon trident of venom (weapon)
   (You acquired it on level 1 of the Spider Nest)
Missiles
 p - 3 curare-tipped darts (quivered)
 I - 2 throwing nets {!f}
Armour
 f - the +2 helmet of the Prince of Darkness (worn) {Int+5 Dex+5}
   (You found it on level 3 of the Depths)

   Int+5:     It affects your intelligence (+5).
   Dex+5:     It affects your dexterity (+5).
 F - a +2 kite shield (worn)
   (You took it off Donald on level 4 of the Spider Nest)
 H - a +2 pair of gloves (worn)
   (You found it on level 4 of the Dungeon)
 L - a +6 scale mail of fire resistance (worn)
   (You took it off Duvessa on level 5 of the Dungeon)
 S - the +0 pair of boots of the Wumpus (worn) {^Drain Fly Slay+6 SInv}
   (You found it in a Gauntlet)

   Slay+6:    It affects your accuracy & damage with ranged weapons and melee
   (+6).
   SInv:      It lets you see invisible.
   Fly:       It grants you flight.
   ^Drain:    It drains your maximum health when unequipped.
 X - a +2 cloak of willpower (worn)
   (You found it on level 7 of the Dungeon)
Jewellery
 d - the ring "Xolot" (right hand) {rElec rPois rC++ Dex+6 Stlth-}
   (You took it off a deep elf demonologist on level 3 of the Elven Halls)

   [ring of dexterity]

   Dex+6:     It affects your dexterity (+6).
   rC++:      It greatly protects you from cold.
   rElec:     It insulates you from electricity.
   rPois:     It protects you from poison Stlth-: It makes you less stealthy.
 i - an amulet of guardian spirit (around neck)
   (You found it on level 1 of the Dungeon)
 v - a ring of willpower (left hand)
   (You bought it in a shop on level 9 of the Dungeon)
 D - a ring of protection from fire
   (You took it off Erica on level 8 of the Dungeon)
Wands
 s - a wand of mindburst (52)
   (You found it on level 2 of the Spider Nest)
 B - a wand of acid (30) {@v1}
   (You found it on level 5 of the Lair of Beasts)
 C - a wand of polymorph (39)
   (You took it off a merfolk siren on level 4 of the Shoals)
 O - a wand of roots (83) {@v2}
   (You took it off Maggie on level 6 of the Dungeon)
 P - a wand of digging (13) {@v3}
   (You found it in a Gauntlet)
 V - a wand of paralysis (30)
   (You found it on level 7 of the Dungeon)
Scrolls
 b - 14 scrolls of fear {!r}
 c - a scroll of blinking {@r4}
 e - 7 scrolls of poison
 k - 9 scrolls of vulnerability
 l - a scroll of revelation {@r5 !r}
 o - 8 scrolls of fog {!r}
 q - 13 scrolls of teleportation {@r3 !r}
 J - 4 scrolls of immolation
 T - 5 scrolls of silence {!r}
 Z - 5 scrolls of butterflies
Potions
 a - 7 potions of might {@q3 !q}
 h - 8 potions of ambrosia
 j - 6 potions of resistance
 m - 24 potions of curing {@q1 !q}
 n - 13 potions of heal wounds {@q2 !q}
 r - 9 potions of mutation
 t - 3 potions of brilliance
 z - 5 potions of haste {@q4 !q}
 E - 6 potions of lignification {@q6}
 G - 6 potions of attraction
 K - 2 potions of magic
 M - 4 potions of cancellation
 Q - 9 potions of berserk rage
 U - 3 potions of invisibility
 Y - 4 potions of enlightenment
Miscellaneous
 g - a sack of spiders (inert)
   (You found it on level 5 of the Lair of Beasts)
 u - a lightning rod (4/4)
   (You found it in a Gauntlet)
 A - a phial of floods
   (You found it on level 11 of the Dungeon)
 N - a phantom mirror
   (You found it on level 11 of the Dungeon)
 R - a tin of tremorstones (inert)
   (You found it in a Gauntlet)


   Skills:
 - Level 23.7 Fighting
 - Level 9.0 Long Blades
 - Level 24.5 Polearms
 - Level 1.0 Throwing
 - Level 12.0 Armour
 - Level 24.4 Dodging
 - Level 3.0 Stealth
 - Level 15.8 Shields
 - Level 5.1 Spellcasting
 + Level 8.7 Translocations
 - Level 14.0 Alchemy
 - Level 17.0 Invocations
 - Level 10.0 Evocations


You had 14 spell levels left.
You knew the following spells:

 Your Spells              Type           Power      Damage    Failure   Level
a - Vhi's Electric Charg  Tloc/Air       36%        N/A       83%         4
b - Olgreb's Toxic Radia  Alch           48%        N/A       2%          4
c - Apportation           Tloc           64%        N/A       2%          1
f - Manifold Assault      Tloc           32%        N/A       24%         4
z - Irradiate             Conj/Alch      13%        3d16      80%         5
Y - Blink                 Tloc           64%        N/A       3%          2

Your spell library contained the following spells:

 Spells                   Type           Power      Damage    Failure   Level
 Lesser Beckoning         Tloc           64%        N/A       3%          2
 Passwall                 Alch/Erth      21%        N/A       8%          2
 Gell's Gravitas          Tloc           32%        N/A       8%          3
 Teleport Other           Tloc           32%        N/A       8%          3
 Alistair's Intoxication  Alch           32%        N/A       8%          5
 Cigotuvi's Dreadful Rot  Necr/Alch/Air  38%        N/A       21%         2
 Momentum Strike          Conj/Tloc      36%        3d9       22%         2
 Mephitic Cloud           Conj/Alch/Air  19%        N/A       36%         3
 Volatile Blastmotes      Fire/Tloc      36%        2d13      41%         3
 Eringya's Noxious Bog    Alch           24%        4d6       41%         6
 Fulminant Prism          Conj/Alch      13%        3d8       45%         4
 Leda's Liquefaction      Alch/Erth      13%        N/A       45%         4
 Petrify                  Alch/Erth      26%        N/A       45%         4
 Freeze                   Ice            16%        1d4       65%         1
 Kiss of Death            Conj/Necr      16%        2d6       65%         1
 Necrotise                Necr           16%        1d4       65%         1
 Sandblast                Erth           8%         2d5       65%         1
 Shock                    Conj/Air       16%        1d4       65%         1
 Slow                     Hex            16%        N/A       65%         1
 Ensorcelled Hibernation  Hex/Ice        8%         N/A       80%         2
 Jinxbite                 Hex            8%         N/A       80%         2
 Scorch                   Fire           8%         2d5       80%         2
 Sublimation of Blood     Necr           4%         N/A       80%         2
 Dimensional Bullseye     Hex/Tloc       9%         N/A       83%         4
 Iskenderun's Mystic Bla  Conj/Tloc      18%        2d6       83%         4
 Confusing Touch          Hex            4%         N/A       95%         3
 Dazzling Flash           Conj/Hex       8%         N/A       95%         3
 Frozen Ramparts          Ice            8%         1d2       95%         3
 Fugue of the Fallen      Necr           4%         N/A       95%         3
 Hailstorm                Conj/Ice       4%         3d5       95%         3
 Inner Flame              Hex/Fire       4%         N/A       95%         3
 Ozocubu's Armour         Ice            4%         N/A       95%         3
 Sigil of Binding         Hex            4%         N/A       95%         3
 Stone Arrow              Conj/Erth      8%         3d7       95%         3
 Swiftness                Air            4%         N/A       95%         3
 Tukima's Dance           Hex            4%         N/A       95%         3
 Vampiric Draining        Necr           4%         2d6       95%         3
 Dispersal                Tloc           16%        N/A       98%         6
 Summon Forest            Summ/Tloc      9%         N/A       99%         5
 Airstrike                Air            2%         2d(1-17)  100%        4
 Anguish                  Hex/Necr       2%         N/A       100%        4
 Animate Armour           Summ/Erth      8%         N/A       100%        4
 Brom's Barrelling Bould  Conj/Erth      4%         2d3       100%        4
 Dispel Undead            Necr           4%         3d7       100%        4
 Flame Wave               Conj/Fire      4%         2d5       100%        4
 Summon Ice Beast         Ice/Summ       4%         N/A       100%        4
 Agony                    Necr           4%         N/A       100%        5
 Arcjolt                  Conj/Air       2%         1d12      100%        5
 Borgnjor's Vile Clutch   Necr/Erth      2%         N/A       100%        5
 Fireball                 Conj/Fire      2%         3d4       100%        5
 Freezing Cloud           Conj/Ice/Air   2%         6-21      100%        5
 Iskenderun's Battlesphe  Conj           4%         2d6       100%        5
 Metabolic Englaciation   Hex/Ice        2%         N/A       100%        5
 Silence                  Hex/Air        2%         N/A       100%        5
 Summon Mana Viper        Hex/Summ       4%         N/A       100%        5
 Conjure Ball Lightning   Conj/Air       2%         3x3d6     100%        6
 Starburst                Conj/Fire      2%         6d3       100%        6
 Summon Cactus Giant      Summ           2%         N/A       100%        6
 Orb of Destruction       Conj           2%         9d5       100%        7
 Ozocubu's Refrigeration  Ice            2%         4d7       100%        7
 Summon Hydra             Summ           2%         N/A       100%        7
 Discord                  Hex            2%         N/A       100%        8
 Disjunction              Tloc           16%        N/A       100%        8
 Ignition                 Fire           2%         3d3       100%        8
 Lehudib's Crystal Spear  Conj/Erth      2%         10d2      100%        8
 Maxwell's Capacitive Co  Air            2%         ∞         100%        8
 Chain Lightning          Conj/Air       2%         3d2       100%        9
 Fire Storm               Conj/Fire      2%         8d1       100%        9
 Polar Vortex             Ice            2%         N/A       100%        9
 Shatter                  Erth           2%         3d6*      100%        9
 Animate Dead             Necr           Unusable   N/A       N/A         4
 Death Channel            Necr           Unusable   N/A       N/A         6
 Simulacrum               Ice/Necr       Unusable   N/A       N/A         6

Dungeon Overview and Level Annotations

Branches:
Dungeon (15/15)            Temple (0/1) D:5            Lair (5/5) D:10
 Shoals (4/4) Lair:3       Spider (4/4) Lair:2        Slime (0/5) Lair:4
    Orc (2/2) D:10            Elf (3/3) Orc:2        Vaults (5/5) D:14
  Crypt (1/3) Vaults:2     Depths (4/4) D:15            Zot (5/5) Depths:4
Ossuary (visited)         Volcano (visited)         Gauntlet (visited)

Altars:
Dithmenos
Elyvilon
Fedhas
Okawaru
Sif Muna
Yredelemnul

Shops:
D:5 (   D:9 =   Orc:2 [(!*   Elf:3 [*!([   Shoals:1 [   Vaults:1 *   Vaults:3 !
Depths:1 :

Portals:
Hell: Depths:1 Depths:2 Depths:3 Depths:4
Abyss: Depths:2 Depths:3
Pandemonium: Depths:2 Depths:3
Ziggurat: Depths:2

Annotations:
D:10 exclusion: rust devil
Elf:2 3 runed translucent doors, exclusion: 3 doors
Zot:5 exclusion: orange crystal statue


Innate Abilities, Weirdness & Mutations

((You are very nimble when in or above water. (Stealth+, EV+, Speed+++)))
Your lower body shifts to a powerful aquatic tail in water.
Armour fits poorly on your strangely shaped body.


Message History

You closely miss the Executioner.
The Executioner is severely wounded.
The Executioner hits you but does no damage.
The Executioner hits you. The Executioner barely misses you.
The Executioner completely misses you. You block the Executioner's attack. x2
You hit the Executioner.
The Executioner is severely wounded.
The Executioner barely misses you. You block the Executioner's attack.
The Executioner hits you but does no damage.
You block the Executioner's attack. The Executioner hits you.
The Executioner completely misses you.
You hit the Executioner.
The Executioner looks as sick as possible!
The Executioner is almost dead.
The Executioner completely misses you. You block the Executioner's attack. x2
The Executioner misses you. You block the Executioner's attack.
The Executioner completely misses you.
You impale the Executioner!!
You kill the Executioner!
(D) Dungeon (T) Temple (L) Lair (A) Shoals (N) Spider Nest (M) Slime Pits (O) Orcish Mines (E) Elven Halls (V) Vaults (C) Crypt (U) Depths (H) Hell (Z) Zot
Where to? (Tab/Enter - D:1 @ (x,y), ? - help)
There is a stone staircase leading up here.
You fly upwards.
Magic restored.
There is a stone staircase leading down here.
There is a stone staircase leading up here.
You fly upwards.
There is a stone staircase leading down here.
A hellephant comes into view.
The hellephant moves out of view.
An Orb Guardian comes into view.
The Orb Guardian hits you! You block the Orb Guardian's attack.
The Orb Guardian misses you. The Orb Guardian completely misses you.
The Orb Guardian hits you but does no damage.
Aiming: Fastroot
Press: ? - help, Shift-Dir - straight line The roots erupt in riotous growth!
Roots grab the Orb Guardian.
The grasping roots constrict the Orb Guardian.
The Orb Guardian completely misses you.
The grasping roots constrict the Orb Guardian!
The Orb Guardian struggles to escape constriction.
The Orb Guardian escapes!
There is a stone staircase leading up here.
The Orb Guardian hits you!
The hellephant blinks!
You fly upwards.
There is a stone staircase leading down here.
Aiming: Fastroot
Press: ? - help, Shift-Dir - straight line The roots erupt in riotous growth!
Roots grab the Orb Guardian.
The grasping roots constrict the Orb Guardian.
The Orb Guardian barely misses you.
You puncture the Orb Guardian!
The Orb Guardian is poisoned.
The Orb Guardian is moderately wounded.
The grasping roots constrict the Orb Guardian.
The roots release their grip on the Orb Guardian.
The Orb Guardian hits you!
You puncture the Orb Guardian!
The Orb Guardian looks as sick as possible!
The Orb Guardian is heavily wounded.
You block the Orb Guardian's attack.
You barely miss the Orb Guardian.
The Orb Guardian is heavily wounded.
The Orb Guardian hits you but does no damage.
You puncture the Orb Guardian!
The Orb Guardian looks as sick as possible!
The Orb Guardian is heavily wounded.
You block the Orb Guardian's attack.
You completely miss the Orb Guardian.
The Orb Guardian is heavily wounded.
You block the Orb Guardian's attack.
You hit the Orb Guardian but do no damage.
The Orb Guardian looks as sick as possible!
The Orb Guardian is severely wounded.
You block the Orb Guardian's attack.
You puncture the Orb Guardian!
The Orb Guardian looks as sick as possible!
The Orb Guardian is severely wounded.
The Orb Guardian hits you but does no damage.
You puncture the Orb Guardian!
The Orb Guardian is almost dead.
The Orb Guardian barely misses you.
You puncture the Orb Guardian!
You kill the Orb Guardian!
The dead are walking!
No target in view!
You swap places.
Aiming: Dig
Press: ? - help, Shift-Dir - straight line A rock wall.
This square is covered in magical glow.
The rock shatters into small pieces.
There is a staircase leading out of the dungeon here.
There are no items here.
Unknown command.
You have escaped!

...# ##'######## #.#
.>.# #.........# #.#
...# #.........# #.#
######.........# #.###
#...##.........###...#
#.#.#..............#.#
#.#.################.#
#.#.#######>.##......#
..#.##....#....Z@....#
###.##.##.#..##>.....#
..#.#...#.#..###'#####
#.#.##..#.#..###.#
#.#.##..#.#..##.##
#.#†##..#.#..'#.#
#...#...#.####.#####
#####...#.# ##>'...#
#...#..#..###>##...#


You could see a friendly Orb Guardian zombie.

Vanquished Creatures
  2 ancient liches
  Mara (Shoals:3)
  A juggernaut (Depths:2)
  Sojobo (Vaults:3)
  2 Killer Klowns (Zot:4)
  4 caustic shrikes (Depths:4)
  Saint Roka (Orc:2)
  A golden dragon (Zot:5)
  Jory (Depths:4)
  A bone dragon (Depths:4)
  3 tentacled monstrosities
  8 Orb Guardians
  3 deep elf blademasters
  A lich (Depths:2)
  2 titans (Depths:2)
  An Executioner (D:4)
  4 deep elf master archers (Elf:3)
  2 quicksilver dragons (Vaults:5)
  3 sphinxes
  A death cob (Zot:4)
  2 tengu reavers
  Donald (Spider:4)
  4 storm dragons
  3 shadow dragons
  4 fire giants
  5 frost giants
  5 deep elf sorcerers (Elf:3)
  10 vault wardens
  2 emperor scorpions
  2 draconian shifters
  A balrug (Depths:4)
  Louise (Shoals:3)
  5 ghost moths
  A broodmother (Spider:4)
  A draconian knight (Zot:4)
  A curse skull (Crypt:1)
  2 deep elf elementalists (Elf:3)
  A caustic shrike zombie (Depths:1)
  6 stone giants
  4 orc warlords
  7 very ugly things
  14 ironbound preservers
  A spriggan defender (Depths:2)
  2 formless jellyfish (Vaults:2)
  2 green draconians
  6 ironbound thunderhulks
  2 vampire knights (Depths:2)
  7 deep elf demonologists
  2 black draconians
  7 deep elf death magi (Elf:3)
  8 red draconians
  8 white draconians
  3 minotaurs
  2 war gargoyles
  10 spark wasps
  5 dire elephants
  11 deep elf annihilators
  Azrael (Elf:1)
  A purple draconian (Depths:4)
  7 fire dragons
  9 yaktaur captains
  5 ettins
  A blizzard demon (Depths:3)
  2 deep elf high priests (Elf:3)
  An entropy weaver (shapeshifter) (Elf:2)
  4 merfolk javelineers
  4 entropy weavers
  4 great orbs of eyes
  2 merfolk impalers
  15 vault guards
  A merfolk avatar (Shoals:2)
  13 hydras
  3 catoblepae
  A jorogumo (Spider:4)
  2 radroaches (Spider:4)
  5 spriggan air magi
  A rakshasa (D:14)
  An ice dragon (Depths:2)
  An ogre mage (Vaults:5)
  6 ironbound frosthearts
  10 centaur warriors
  18 dancing weapons
  6 two-headed ogres
  A death knight (D:15)
  An alligator snapping turtle (Shoals:1)
  3 death yaks
  4 satyrs (Shoals:4)
  A deep troll earth mage (Depths:2)
  4 deep troll shamans
  4 merfolk aquamancers
  A hell hog (Lair:5)
  8 boulder beetles
  3 vampire magi
  5 demonic crawlers
  An occultist (D:15)
  4 tengu warriors (D:15)
  2 spriggan berserkers
  An orc high priest (Orc:2)
  Nergalle (Orc:1)
  4 skysharks
  A sun demon (Depths:4)
  A soul eater (Depths:1)
  9 skeletal warriors
  10 deep elf knights
  A storm dragon skeleton (Depths:1)
  42 deep trolls
  A flayed ghost (Depths:2)
  9 pharaoh ants
  A spriggan rider (Depths:1)
  A salamander mystic (Depths:4)
  6 sea snakes
  2 sun moths
  4 deep elf archers
  A lindwurm (Vaults:4)
  9 orb spiders
  7 phantasmal warriors
  Pikel (D:5)
  A necromancer (Vaults:4)
  9 orc knights
  24 harpies
  3 steelbarb worms
  19 deep elf pyromancers
  9 ironbound convokers
  3 arcanists
  28 ugly things
  4 cyclopes
  12 deep elf zephyrmancers
  4 anaconda skeletons (Volcano)
  A fire giant zombie (Vaults:4)
  A stone giant zombie (Vaults:4)
  A faun (shapeshifter) (Vaults:5)
  27 wolf spiders
  An orc sorcerer (Orc:2)
  A salamander (Depths:4)
  A manticore (shapeshifter) (Vaults:5)
  Maurice (D:11)
  3 fauns
  8 moths of wrath
  13 manticores
  An alligator skeleton (Volcano)
  13 elephants
  6 meliai
  6 gargoyles
  2 merfolk sirens
  6 black mambas
  6 kobold blastminers (Orc:2)
  2 stone giant skeletons
  16 vault sentinels
  3 water nymphs
  Maggie (D:6)
  Joseph (Lair:1)
  Jeremiah (D:7)
  9 cane toads
  A rime drake (Lair:5)
  2 tengu conjurers
  5 komodo dragons
  12 yaktaurs
  10 polar bears
  13 hornets
  4 trolls
  Grinder (D:6)
  18 tarantellas
  11 merfolk
  3 wind drakes
  A harpy skeleton (Volcano)
  2 raiju (Lair:5)
  4 snapping turtles (Shoals:2)
  2 spriggan zombies (Depths:1)
  16 blink frogs
  18 dream sheep
  4 air elementals
  27 slime creatures
  A spriggan (Depths:1)
  24 jumping spiders
  11 water elementals
  5 basilisks
  15 culicivoras
  5 vampires
  37 yaks
  3 wraiths (D:11)
  2 fire elementals
  A human (shapeshifter) (Elf:1)
  5 wyverns
  An elf skeleton (Vaults:1)
  5 wargs
  2 steam dragons (D:7)
  8 humans (D:14)
  46 redbacks
  7 vampire mosquitoes
  Edmund (D:5)
  3 acid dragons
  6 water moccasins
  Duvessa (D:5)
  14 hell hounds
  A glowing shapeshifter skeleton (Vaults:1)
  40 orc warriors
  2 sky beasts
  An ice beast (D:8)
  9 black bears
  A boggart (Gauntlet)
  12 ogres
  4 orc zombies (Orc:2)
  A human skeleton (Vaults:1)
  8 laughing skulls
  11 wolves
  11 centaurs
  2 phantoms
  A weeping skull (Volcano)
  2 elf zombies (Ossuary)
  3 kobold brigands
  3 kobold zombies (Orc:2)
  14 bullfrogs
  A scorpion (D:7)
  A human simulacrum (Vaults:4)
  2 earth elementals (Elf:3)
  5 wights (D:8)
  A gnoll sergeant (D:5)
  Dowan (D:5)
  7 killer bees
  2 electric eels
  A spriggan skeleton (Volcano)
  4 howler monkeys
  3 centaur zombies (Ossuary)
  5 crimson imps (D:6)
  5 human zombies
  21 orc priests
  A jelly (D:6)
  A bombardier beetle (D:6)
  4 hounds
  2 gnoll boudas
  A sleepcap (D:6)
  3 iguanas
  38 orc wizards
  2 crocodile zombies (Ossuary)
  4 naga skeletons (Volcano)
  3 mummies (Ossuary)
  22 gnolls
  5 adders
  3 shadow imps
  3 white imps (D:6)
  A worm (D:4)
  3 dart slugs
  113 orcs
  5 ball pythons
  9 bats
  8 endoplasms
  A giant cockroach (D:2)
  8 goblins
  4 hobgoblins
  6 jackals
  13 kobolds
  4 quokkas
  A frilled lizard (D:1)
  3 rats
  2 spectral orcs (Orc:2)
1541 creatures vanquished.

Vanquished Creatures (collateral kills)
  A dread lich (Vaults:5)
  The ghost of dolemite99 the Warrior, a veteran DrFE of Okawaru (Vaults:3)
  Parghit (Depths:3)
  A caustic shrike (Depths:4)
  A golden dragon (Vaults:5)
  Nikola (Shoals:3)
  A bone dragon (Depths:4)
  3 tentacled monstrosities
  An Orb Guardian (Zot:5)
  A lich (Depths:3)
  A walking divine tome (Depths:4)
  7 sphinxes
  4 shadow dragons
  4 storm dragons
  2 fire giants
  7 tengu reavers
  An emperor scorpion (Spider:4)
  A ghost moth (Spider:4)
  6 vault wardens
  2 frost giants
  A caustic shrike zombie (Depths:1)
  An orc warlord (Vaults:3)
  A formless jellyfish (Vaults:3)
  A draconian stormcaller (Depths:4)
  8 ironbound preservers
  A spriggan defender (Depths:1)
  3 ironbound thunderhulks
  A caustic shrike skeleton (Depths:3)
  7 stone giants
  11 very ugly things
  2 deep elf demonologists (Elf:3)
  2 vampire knights
  A black draconian (Zot:5)
  A deep elf annihilator (Elf:3)
  2 war gargoyles (Vaults:5)
  2 white draconians
  8 dire elephants
  3 fire dragons
  2 ettins
  2 jiangshi (Depths:1)
  4 yaktaur captains (Vaults:5)
  3 merfolk impalers
  20 vault guards
  A rakshasa (Depths:3)
  2 deep elf high priests (Vaults:5)
  2 hydras (Lair:5)
  3 great orbs of eyes
  2 radroaches (Spider:4)
  2 catoblepae (Lair:5)
  A merfolk avatar (Shoals:2)
  A spriggan air mage (Depths:3)
  Erica (D:8)
  A centaur warrior (D:14)
  5 ironbound frosthearts
  3 dancing weapons (Elf:2)
  2 ice dragons
  A merfolk aquamancer (Shoals:4)
  3 death yaks
  A deep troll shaman (Depths:2)
  6 satyrs (Shoals:4)
  A vampire mage (Depths:1)
  A death scarab (Spider:4)
  2 deep troll earth magi
  2 demonic crawlers
  2 spriggan berserkers
  3 tengu warriors
  An occultist (Depths:3)
  A deep elf knight (Elf:2)
  A hell knight (Depths:4)
  A sun demon (Depths:4)
  A skeletal warrior (D:15)
  3 iron trolls
  2 skysharks
  A pharaoh ant (Spider:4)
  4 sea snakes
  A spark wasp zombie (Depths:3)
  A spriggan rider (Depths:3)
  A death drake (shapeshifter) (D:13)
  23 deep trolls
  A sun moth (Spider:4)
  3 orb spiders
  8 ironbound convokers
  5 arcanists
  A phantasmal warrior (Depths:2)
  6 necromancers
  A sphinx simulacrum (Depths:3)
  11 harpies
  5 lindwurms
  6 orc knights
  A harpy (shapeshifter) (Depths:3)
  5 deep elf pyromancers
  3 steelbarb worms
  13 ugly things
  3 deep elf zephyrmancers (Elf:2)
  A wolf spider zombie (Spider:4)
  8 wolf spiders
  5 fauns (Shoals:4)
  4 oklob plants (Lair:4)
  2 cyclopes
  A salamander (Depths:4)
  A manticore (shapeshifter) (Vaults:5)
  A meliai (Spider:4)
  4 merfolk sirens
  An iron dragon skeleton (Depths:3)
  4 moths of wrath
  7 manticores
  2 black mambas
  3 water nymphs
  6 vault sentinels
  3 elephants
  A cane toad (Lair:5)
  2 komodo dragons
  A hellion (Zot:3)
  3 rime drakes
  11 yaktaurs
  An orb spider zombie (Spider:1)
  A human skeleton (Vaults:4)
  A polar bear (Lair:5)
  3 wind drakes
  A wind drake (shapeshifter) (Vaults:5)
  A raiju (Lair:5)
  2 glass eyes (Depths:2)
  3 hornets
  14 merfolk
  9 tarantellas
  3 blink frogs
  2 dream sheep
  12 jumping spiders
  4 snapping turtles
  Sigmund (D:4)
  A spriggan (Depths:1)
  6 culicivoras
  10 slime creatures
  A wyvern (Lair:5)
  6 yaks
  8 water elementals
  10 humans (D:14)
  A warg (Lair:5)
  22 redbacks
  2 vampire mosquitoes (D:15)
  2 basilisks (Lair:2)
  4 hell hounds
  4 water moccasins (Lair:5)
  A glowing shapeshifter skeleton (Vaults:4)
  An orc warrior (Orc:2)
  6 wolves (Lair:5)
  5 black bears (Lair:5)
  An ogre (D:7)
  2 lemures (D:5)
  3 bullfrogs
  3 killer bees
  A howler monkey (D:9)
  A jelly (D:6)
  An orc priest (D:7)
  An orc wizard (D:10)
  A gnoll (D:5)
  An adder (D:3)
  4 worms (Spider:4)
  15 orcs
  A giant cockroach (D:4)
  A quokka (D:3)
  A goblin (D:3)
  2 kobolds (D:8)
  A rat (D:3)
554 creatures vanquished.

Vanquished Creatures (others)
  A caustic shrike zombie (Depths:4)
  A deep elf sorcerer (Vaults:5)
  A draconian knight (Zot:4)
  A spectral tentacled monstrosity (Vaults:5)
  A Killer Klown zombie (Zot:4)
  A stone giant (Vaults:5)
  A quicksilver dragon zombie (Vaults:5)
  A yaktaur captain (Vaults:5)
  A fire dragon (Depths:3)
  3 very ugly thing zombies
  3 sphinx zombies
  An Orb Guardian zombie (Zot:5)
  A spectral elf (Elf:2)
  A storm dragon zombie (Zot:5)
  4 spark wasp zombies
  A ghost moth zombie (Spider:4)
  2 spectral humans
  A shadow dragon zombie (Vaults:5)
  A deep troll (Depths:3)
  9 wolf spider zombies
  6 ugly thing zombies
  A deep elf pyromancer (Elf:1)
  A frost giant zombie (Vaults:3)
  6 stone giant zombies
  A hell hog zombie (Lair:5)
  A formless jellyfish zombie (Vaults:2)
  A spectral rakshasa (Depths:3)
  A red draconian zombie (Zot:4)
  2 spriggan zombies
  2 steelbarb worm zombies (Spider:4)
  A white draconian zombie (Zot:4)
  5 sea snake zombies
  An orb spider zombie (Spider:3)
  2 spectral moths of wrath
  19 redback zombies
  2 great orb of eyes zombies (Vaults:3)
  14 harpy zombies
  5 hydra zombies
  5 culicivora zombies
  2 moth of wrath zombies
  10 jumping spider zombies
  10 tarantella zombies
  3 meliai zombies (Spider:4)
  A sun moth zombie (Spider:4)
  A boulder beetle zombie (Lair:5)
  4 radroach zombies (Spider:4)
  4 satyr zombies (Shoals:4)
  A culicivora (Spider:4)
  A spectral snapping turtle (Shoals:4)
  2 black mamba zombies
  3 wind drake zombies
  10 slime creature zombies
  3 tengu zombies
  3 skyshark zombies
  A two-headed ogre zombie (D:11)
  14 deep troll zombies
  4 faun zombies
  A water nymph zombie (Shoals:2)
  2 entropy weaver zombies
  A hell hound (Lair:5)
  2 cane toad zombies
  2 elephant zombies
  8 hornet zombies (Spider:4)
  11 dream sheep zombies
  2 blink frog zombies
  11 merfolk zombies
  34 elf zombies
  8 manticore zombies
  4 vampire mosquito zombies
  2 rime drake zombies
  A wolf (Lair:5)
  9 yaktaur zombies
  2 salamander zombies (Depths:4)
  2 warg zombies (Lair:5)
  3 cyclops zombies
  3 wyvern zombies
  7 hell hound zombies
  A water moccasin zombie (Lair:5)
  11 yak zombies
  5 polar bear zombies
  A troll zombie (D:9)
  7 wolf zombies
  4 centaur zombies
  4 bullfrog zombies
  A basilisk zombie (Lair:2)
  6 black bear zombies (Lair:5)
  A scorpion zombie (D:7)
  3 killer bee zombies
  8 ogre zombies
  A vine stalker zombie (D:11)
  2 hound zombies (D:5)
  2 howler monkey zombies (D:10)
  2 spectral crimson imps (D:6)
  A steam dragon zombie (D:7)
  A worm zombie (Spider:4)
  An adder zombie (D:4)
  39 human zombies
  An iguana zombie (D:7)
  A bat zombie (D:3)
  A quokka (D:9)
  A ball python zombie (D:4)
  A dart slug zombie (D:4)
  8 gnoll zombies
  A jackal zombie (D:3)
  5 kobold zombies
  58 orc zombies
482 creatures vanquished.

Grand Total: 2577 creatures vanquished

Notes
Turn   | Place    | Note
-------+----------+-------------------------------------------
     0 | D:1      | EnegeticOcto the Merfolk Warper began the quest for the
                  | Orb.
     0 | D:1      | Reached XP level 1. HP: 16/16 MP: 3/3
   227 | D:1      | Reached skill level 1 in Stealth
   433 | D:1      | Reached XP level 2. HP: 22/22 MP: 5/5
   441 | D:1      | Reached skill level 2 in Stealth
   573 | D:1      | Learned a level 2 spell: Blink
   910 | D:1      | Reached skill level 3 in Stealth
   914 | D:1      | Reached XP level 3. HP: 23/28 MP: 4/6
  2049 | D:3      | Reached skill level 3 in Long Blades
  2064 | D:2      | Reached skill level 3 in Fighting
  2064 | D:2      | Reached XP level 4. HP: 19/35 MP: 5/7
  2762 | D:2      | Reached skill level 4 in Long Blades
  3339 | D:3      | Reached skill level 3 in Dodging
  3339 | D:3      | Reached XP level 5. HP: 23/41 MP: 5/8
  3679 | D:3      | Found a basalt altar of Yredelemnul.
  3682 | D:3      | Found a shimmering blue altar of Sif Muna.
  3693 | D:3      | Became a worshipper of Yredelemnul the Dark
  3855 | D:3      | Found a faded altar of an unknown god.
  3901 | D:3      | Noticed a phantom
  3930 | D:3      | Killed a phantom
  3931 | D:3      | Reached skill level 5 in Long Blades
  3931 | D:3      | Reached skill level 4 in Dodging
  3933 | D:3      | Reached XP level 6. HP: 30/47 MP: 9/9
  3940 | D:3      | Reached * piety under Yredelemnul
  4445 | D:4      | Noticed a black bear
  4463 | D:4      | Killed a black bear
  4464 | D:4      | Reached skill level 6 in Long Blades
  4552 | D:4      | Noticed Sigmund
  4567 | D:4      | Killed Sigmund
  4568 | D:4      | Reached XP level 7. HP: 47/53 MP: 10/10
  4594 | D:4      | Reached skill level 7 in Long Blades
  4594 | D:4      | Reached skill level 5 in Dodging
  4626 | D:4      | Your ally Sigmund died
  5115 | D:5      | Entered Level 5 of the Dungeon
  5115 | D:5      | Noticed Dowan
  5162 | D:5      | Reached skill level 4 in Fighting
  5561 | D:5      | Found Beuwneof's Antique Weapon Emporium.
  5570 | D:5      | Bought a glowing dagger for 90 gold pieces
  5649 | D:5      | Reached XP level 8. HP: 37/61 MP: 11/11
  5731 | D:5      | Noticed Edmund
  5752 | D:5      | Killed Edmund
  5753 | D:5      | Reached skill level 8 in Long Blades
  5753 | D:5      | Reached skill level 6 in Dodging
  5902 | D:5      | Reached ** piety under Yredelemnul
  5903 | D:5      | Reached skill level 5 in Fighting
  5940 | D:5      | Your ally Edmund died
  5944 | D:5      | Reached skill level 9 in Long Blades
  5981 | D:5      | Noticed Pikel
  5990 | D:5      | Killed Pikel
  5991 | D:5      | Reached skill level 6 in Fighting
  5991 | D:5      | Reached skill level 4 in Polearms
  5991 | D:5      | Reached skill level 7 in Dodging
  5991 | D:5      | Reached XP level 9. HP: 46/69 MP: 12/12
  6107 | D:5      | Found a staircase to the Ecumenical Temple.
  6130 | D:5      | Noticed Duvessa
  6142 | D:5      | Killed Dowan
  6144 | D:5      | Your ally Pikel died
  6146 | D:5      | Killed Duvessa
  6147 | D:5      | Reached skill level 5 in Polearms
  6466 | D:6      | Noticed Maggie
  6491 | D:6      | Killed Maggie
  6492 | D:6      | Reached skill level 6 in Polearms
  6492 | D:6      | Reached skill level 1 in Shields
  6527 | D:6      | Found a sand-covered staircase.
  6532 | Ossuary  | Entered an ossuary
  6630 | Ossuary  | Reached skill level 2 in Shields
  6672 | Ossuary  | Reached skill level 7 in Polearms
  6969 | D:6      | Reached skill level 7 in Fighting
  6970 | D:6      | Noticed Grinder
  6986 | D:6      | Killed Grinder
  6987 | D:6      | Reached skill level 8 in Polearms
  6987 | D:6      | Reached skill level 3 in Shields
  7096 | D:6      | Reached XP level 10. HP: 80/80 MP: 13/13
  7115 | D:6      | Reached skill level 4 in Shields
  7263 | D:6      | Reached skill level 8 in Fighting
  7474 | D:7      | Noticed Jeremiah
  7531 | D:7      | Killed Jeremiah
  7532 | D:7      | Reached skill level 9 in Polearms
  7639 | D:7      | Identified the +1 leather armour of Gozag's Scorn {rPois
                  | rC- Str+2}
  7706 | D:7      | Noticed a two-headed ogre
  7768 | D:7      | Reached skill level 10 in Polearms
  7981 | D:7      | Reached skill level 11 in Polearms
  8213 | D:7      | Found a transporter.
  8418 | D:7      | Reached *** piety under Yredelemnul
  8480 | D:7      | Killed a two-headed ogre
  8481 | D:7      | Reached skill level 12 in Polearms
  8481 | D:7      | Reached skill level 8 in Dodging
  8481 | D:7      | Reached skill level 1 in Evocations
  8512 | D:7      | Found a transporter.
  8722 | D:8      | Reached skill level 2 in Evocations
  8722 | D:8      | Reached XP level 11. HP: 74/87 MP: 12/15
  8730 | D:8      | Reached skill level 3 in Spellcasting
  8912 | D:8      | Identified the +1 robe "Huanwucy" {Slay+3}
  9139 | D:8      | Noticed Erica
  9153 | D:8      | Killed Erica
  9205 | D:8      | Reached skill level 3 in Evocations
  9539 | D:9      | Found Lohaguit's Jewellery Boutique.
  9587 | D:9      | Found a white marble altar of Elyvilon.
  9683 | D:9      | Reached skill level 9 in Dodging
  9934 | D:9      | Reached skill level 9 in Fighting
 10091 | D:9      | Reached skill level 4 in Spellcasting
 10439 | D:10     | Entered Level 10 of the Dungeon
 10478 | D:10     | Found a staircase to the Orcish Mines.
 10497 | D:10     | Paralysed by a hornet for 3 turns
 10689 | D:10     | Reached skill level 4 in Evocations
 10696 | D:10     | Reached skill level 13 in Polearms
 10887 | D:10     | Found a staircase to the Lair.
 10969 | D:10     | Noticed a two-headed ogre
 10979 | D:10     | Killed a two-headed ogre
 11101 | D:10     | Reached skill level 5 in Spellcasting
 11106 | D:10     | Reached skill level 1 in Invocations
 11182 | D:10     | Reached skill level 5 in Evocations
 11182 | D:10     | Reached XP level 12. HP: 89/97 MP: 17/19
 11274 | D:10     | Reached **** piety under Yredelemnul
 11546 | Lair:1   | Entered Level 1 of the Lair of Beasts
 11561 | Lair:1   | Noticed a boulder beetle
 11572 | Lair:1   | Killed a boulder beetle
 11573 | Lair:1   | Reached skill level 10 in Fighting
 11573 | Lair:1   | Reached skill level 2 in Invocations
 11670 | Lair:1   | Reached skill level 1 in Armour
 11690 | Lair:1   | Reached skill level 3 in Invocations
 11709 | Lair:1   | Reached skill level 14 in Polearms
 11771 | Lair:1   | Reached skill level 2 in Armour
 11771 | Lair:1   | Reached skill level 6 in Evocations
 11775 | Lair:1   | Reached ***** piety under Yredelemnul
 11777 | Lair:1   | Reached skill level 4 in Invocations
 11794 | Lair:1   | Found a dark tunnel.
 11823 | Volcano  | Entered a volcano
 12091 | Volcano  | Reached skill level 3 in Armour
 12103 | Volcano  | Reached skill level 5 in Invocations
 12190 | Volcano  | Reached skill level 6 in Invocations
 12278 | Volcano  | Reached skill level 4 in Armour
 12325 | Volcano  | Reached skill level 7 in Invocations
 12713 | Lair:1   | Noticed Joseph
 12728 | Lair:1   | Killed Joseph
 12729 | Lair:1   | Reached skill level 8 in Invocations
 12865 | Lair:1   | Reached XP level 13. HP: 103/103 MP: 20/20
 13178 | Lair:1   | Reached skill level 9 in Invocations
 13406 | Lair:2   | Found a hole to the Spider Nest.
 13456 | Lair:2   | Reached skill level 10 in Dodging
 13625 | Lair:2   | Reached skill level 11 in Fighting
 13669 | Lair:2   | Reached ****** piety under Yredelemnul
 14160 | Lair:3   | Reached skill level 11 in Dodging
 14833 | Lair:3   | Reached skill level 12 in Fighting
 14833 | Lair:3   | Reached skill level 12 in Dodging
 15197 | Lair:3   | Found a staircase to the Shoals.
 15514 | Lair:4   | Reached skill level 13 in Dodging
 15806 | Lair:4   | Reached XP level 14. HP: 115/115 MP: 21/21
 16259 | Lair:4   | Found a staircase to the Slime Pits.
 16790 | Lair:5   | Entered Level 5 of the Lair of Beasts
 16790 | Lair:5   | Found a shadowy altar of Dithmenos.
 16826 | Lair:5   | Reached skill level 14 in Dodging
 16960 | Lair:5   | Reached skill level 15 in Polearms
 17082 | Lair:5   | Reached skill level 13 in Fighting
 17635 | Lair:5   | Reached skill level 15 in Dodging
 17653 | Lair:5   | Reached skill level 16 in Polearms
 18111 | Lair:5   | Reached skill level 14 in Fighting
 18122 | Lair:5   | Reached XP level 15. HP: 90/126 MP: 14/22
 18727 | Lair:5   | Reached skill level 17 in Polearms
 18747 | Lair:5   | Identified the +2 battleaxe "Mufer" {elec, *Noise rPois
                  | Dex+6 SInv}
 19134 | D:11     | Noticed Maurice
 19143 | D:11     | Killed Maurice
 19285 | D:11     | Your ally Maurice died
 19294 | D:11     | Reached skill level 15 in Fighting
 19507 | D:11     | Found the +3 hat of Pondering {ponderous, Will+ MP+10
                  | Int+5}
 19512 | D:11     | Identified the +6 spear of Light {pain, rF++ rC+ rN++
                  | rCorr}
 19530 | D:11     | Got Sif Muna's Almanac of Productive Inhalation
 20327 | Orc:1    | Entered Level 1 of the Orcish Mines
 20881 | Orc:1    | Noticed Nergalle
 20894 | Orc:1    | Killed Nergalle
 20982 | Orc:2    | Entered Level 2 of the Orcish Mines
 21060 | Orc:2    | Found a flickering gateway to a bazaar.
 21086 | Orc:2    | Found a staircase to the Elven Halls.
 21102 | Bazaar   | Entered a bazaar
 21122 | Bazaar   | Found Beixadol's Jewellery Emporium.
 21133 | Bazaar   | Found Oclici's Antique Armour Emporium.
 21144 | Bazaar   | Found Soghupsa's General Store.
 21176 | Bazaar   | Found Rihihuir's Weapon Shoppe.
 21198 | Bazaar   | Found Ockol's Distillery.
 21203 | Bazaar   | Bought a potion of invisibility for 80 gold pieces
 21203 | Bazaar   | Bought a potion of haste for 100 gold pieces
 21203 | Bazaar   | Bought a potion of curing for 30 gold pieces
 21203 | Bazaar   | Bought a potion of heal wounds for 50 gold pieces
 21203 | Bazaar   | Bought a potion of curing for 30 gold pieces
 21242 | Bazaar   | Bought a faintly humming ring mail for 207 gold pieces
 21242 | Bazaar   | Identified the +0 ring mail of the Pastamancer {Str+3} (You
                  | bought it in a shop in a bazaar)
 21253 | Bazaar   | Bought a potion of cancellation for 120 gold pieces
 21253 | Bazaar   | Bought a scroll of teleportation for 45 gold pieces
 21732 | Orc:2    | Reached skill level 18 in Polearms
 21757 | Orc:2    | Found Oblielek's Distillery.
 21956 | Orc:2    | Found Bufarche's Assorted Antiques.
 22260 | Orc:2    | Noticed Saint Roka
 22325 | Orc:2    | Killed Saint Roka
 22572 | Orc:2    | Found Cony's Antique Armour Shop.
 22574 | Orc:2    | Found Oranim's Antique Weapon Boutique.
 22587 | Orc:2    | Bought a dazzling hat for 288 gold pieces
 22587 | Orc:2    | Identified the +2 hat "Nuris" {rC- Int+3 Slay+4} (You
                  | bought it in a shop on level 2 of the Orcish Mines)
 23275 | D:12     | Found a gate leading to a gauntlet.
 23284 | Gauntlet | Entered a Gauntlet
 23284 | Gauntlet | Found a transporter.
 23291 | Gauntlet | Found a transporter.
 23293 | Gauntlet | Found a transporter.
 23307 | Gauntlet | Found a transporter.
 23313 | Gauntlet | Found a transporter.
 23315 | Gauntlet | Found a runed translucent door.
 23318 | Gauntlet | Found a transporter.
 23333 | Gauntlet | Found a transporter.
 23344 | Gauntlet | Found a transporter.
 23356 | Gauntlet | Found a transporter.
 23371 | Gauntlet | Found a transporter.
 23386 | Gauntlet | Found a transporter.
 23388 | Gauntlet | Found a transporter.
 23427 | Gauntlet | Found a transporter.
 23442 | Gauntlet | Found a transporter.
 23817 | Gauntlet | Identified the +0 pair of boots of the Wumpus {^Drain Fly
                  | Slay+6 SInv}
 24141 | D:12     | Reached skill level 16 in Dodging
 24210 | D:12     | Reached skill level 16 in Fighting
 24271 | D:12     | Reached XP level 16. HP: 138/138 MP: 23/23
 25674 | D:13     | Reached skill level 19 in Polearms
 26195 | D:14     | Identified the +7 hand axe "Ylerasae" {antimagic, rF+
                  | Will++ Dex+2}
 26409 | D:14     | Found a gate to the Vaults.
 26425 | D:14     | Reached skill level 17 in Dodging
 26865 | D:14     | Identified a scroll of acquirement
 26865 | D:14     | Acquired a manual of Invocations
 26873 | D:15     | Entered Level 15 of the Dungeon
 27238 | D:15     | Reached skill level 1 in Alchemy
 27298 | D:15     | Reached skill level 2 in Alchemy
 27471 | D:15     | Learned a level 4 spell: Olgreb's Toxic Radiance
 27476 | D:15     | Learned a level 4 spell: Vhi's Electric Charge
 27482 | D:15     | Learned a level 5 spell: Irradiate
 27487 | D:15     | Learned a level 4 spell: Manifold Assault
 27538 | D:15     | Reached skill level 17 in Fighting
 27589 | D:15     | Found a staircase to the Depths.
 27601 | D:15     | Reached skill level 3 in Alchemy
 28263 | Shoals:1 | Entered Level 1 of the Shoals
 28280 | Shoals:1 | Reached skill level 4 in Alchemy
 28552 | Shoals:1 | Reached skill level 5 in Alchemy
 28579 | Shoals:1 | Found Gieps's Antique Armour Shoppe.
 28598 | Shoals:1 | Reached skill level 20 in Polearms
 28674 | Shoals:1 | Reached skill level 6 in Alchemy
 28717 | Shoals:1 | Reached XP level 17. HP: 142/147 MP: 24/24
 28817 | Shoals:1 | Reached skill level 7 in Alchemy
 28887 | Shoals:1 | Reached skill level 18 in Dodging
 28933 | Shoals:1 | Reached skill level 8 in Alchemy
 29295 | Shoals:2 | Reached skill level 9 in Alchemy
 29597 | Shoals:2 | Reached skill level 10 in Alchemy
 30130 | Shoals:2 | Reached skill level 18 in Fighting
 30131 | Shoals:2 | Reached skill level 11 in Alchemy
 30486 | Shoals:3 | Identified the orb of Compression {*Rage, Int+2 Dex+6}
 30517 | Shoals:3 | Noticed Louise
 30539 | Shoals:3 | Killed Louise
 30767 | Shoals:3 | Noticed Mara
 30773 | Shoals:3 | Noticed EnegeticOcto's illusion
 30777 | Shoals:3 | Killed Mara
 30778 | Shoals:3 | Reached skill level 19 in Dodging
 30981 | Shoals:3 | Reached skill level 12 in Alchemy
 30990 | Shoals:3 | Identified the +1 pair of gloves of Wekocu {rElec rPois
                  | Int-4}
 30990 | Shoals:3 | Noticed Nikola
 31001 | Shoals:3 | Killed Nikola
 31398 | Shoals:4 | Entered Level 4 of the Shoals
 31463 | Shoals:4 | Reached skill level 13 in Alchemy
 31477 | Shoals:4 | Noticed a sphinx
 31483 | Shoals:4 | Reached XP level 18. HP: 58/158 MP: 7/25
 31510 | Shoals:4 | Reached skill level 14 in Alchemy
 32306 | Shoals:4 | Reached skill level 20 in Dodging
 32323 | Shoals:4 | Reached skill level 19 in Fighting
 32855 | Shoals:4 | Got a barnacled rune of Zot
 33295 | Spider:1 | Entered Level 1 of the Spider Nest
 33879 | Spider:1 | Acquired a +1 demon trident of draining
 35277 | Spider:2 | Reached skill level 10 in Invocations
 35523 | Spider:2 | Reached skill level 20 in Fighting
 36044 | Spider:3 | Reached XP level 19. HP: 157/169 MP: 27/27
 36150 | Spider:3 | Reached skill level 7 in Evocations
 36198 | Spider:3 | Reached skill level 11 in Invocations
 36643 | Spider:3 | Reached skill level 5 in Armour
 36766 | Spider:4 | Entered Level 4 of the Spider Nest
 37197 | Spider:4 | Noticed Donald
 37215 | Spider:4 | Reached skill level 12 in Invocations
 37215 | Spider:4 | Killed Donald
 37708 | Spider:4 | Reached skill level 8 in Evocations
 37755 | Spider:4 | Reached skill level 21 in Polearms
 37790 | Spider:4 | Reached skill level 6 in Armour
 37963 | Spider:4 | Got a gossamer rune of Zot
 38524 | Elf:1    | Entered Level 1 of the Elven Halls
 38574 | Elf:1    | Reached skill level 13 in Invocations
 39412 | Elf:1    | Identified the +0 flail "Ehoinan" {speed, rF+ Will+}
 39595 | Elf:1    | Noticed Azrael
 39612 | Elf:1    | Killed Azrael
 39789 | Elf:2    | Reached XP level 20. HP: 178/178 MP: 30/30
 40005 | Elf:2    | Found a runed translucent gate.
 40005 | Elf:2    | Found a runed translucent gate.
 40005 | Elf:2    | Found a runed translucent gate.
 40312 | Elf:2    | Found a runed translucent gate.
 40313 | Elf:2    | Found a runed translucent gate.
 40313 | Elf:2    | Found a runed translucent gate.
 40418 | Elf:2    | Reached skill level 9 in Evocations
 40647 | Elf:2    | Reached skill level 14 in Invocations
 41382 | Elf:3    | Entered Level 3 of the Elven Halls
 41382 | Elf:3    | Found Raovum's Distillery.
 41389 | Elf:3    | Bought a potion of haste for 150 gold pieces
 41389 | Elf:3    | Bought a potion of curing for 45 gold pieces
 41389 | Elf:3    | Bought a potion of curing for 45 gold pieces
 41515 | Elf:3    | Found Linkyos's General Store.
 41530 | Elf:3    | Bought a potion of invisibility for 144 gold pieces
 41600 | Elf:3    | Reached skill level 7 in Armour
 41894 | Elf:3    | Found Jyriagha's Armour Boutique.
 42218 | Elf:3    | Found Siad's Antique Armour Shop.
 42226 | Elf:3    | Bought a spiked scale mail for 153 gold pieces
 42226 | Elf:3    | Identified the +0 scale mail of Oduvime {Stlth+} (You
                  | bought it in a shop on level 3 of the Elven Halls)
 42496 | Elf:3    | Found Tabaz's Weapon Shop.
 42576 | Elf:3    | Identified the ring "Xolot" {rElec rPois rC++ Dex+6 Stlth-}
 42626 | Elf:3    | Reached skill level 15 in Invocations
 42673 | Elf:3    | Reached skill level 10 in Evocations
 42680 | Elf:3    | Reached skill level 22 in Polearms
 42858 | Elf:3    | Reached skill level 8 in Armour
 42936 | Elf:3    | Identified the ring of Qyekuff {rN++ Str+6 Dex-3 SInv
                  | Stlth+}
 43425 | Elf:3    | Got the Incunabulum of the Compass
 43429 | Elf:3    | Got the Information on the Compass and Lamentation
 43498 | Elf:3    | Identified the +6 spear of Holoth {heavy, ^Fragile rCorr
                  | Int+6}
 43569 | Elf:3    | Reached skill level 9 in Armour
 43694 | Elf:3    | Got Timmul's Vellum of Spectres
 43715 | Elf:3    | Identified the +0 pair of boots of Huypnann {rElec rF+ rN+
                  | Int+3}
 43822 | Elf:3    | Got Alyfuv's Meditations on United Obstruction
 44724 | Vaults:1 | Entered Level 1 of the Vaults
 45499 | Vaults:1 | Reached XP level 21. HP: 185/185 MP: 32/32
 45508 | Vaults:1 | Reached skill level 21 in Dodging
 45659 | Vaults:1 | Reached skill level 21 in Fighting
 45902 | Vaults:1 | Reached skill level 5 in Shields
 46221 | Vaults:1 | Noticed Zenata
 46233 | Vaults:1 | Killed Zenata
 46233 | Vaults:1 | Charmed Zenata
 46257 | Vaults:1 | Found Pywn's General Store.
 46261 | Vaults:1 | Bought a scroll of blinking for 120 gold pieces
 46261 | Vaults:1 | Bought a wand of roots (7) for 268 gold pieces
 46784 | Vaults:1 | Identified the +0 mace "Taaddon" {freeze, rCorr Str+3}
 47256 | Vaults:2 | Paralysed by a formless jellyfish for 1 turns
 47280 | Vaults:2 | Reached skill level 6 in Shields
 48130 | Vaults:2 | Found a staircase to the Crypt.
 48143 | Vaults:2 | Reached skill level 10 in Armour
 48579 | Vaults:3 | Reached skill level 7 in Shields
 48740 | Vaults:3 | Reached skill level 22 in Dodging
 48801 | Vaults:3 | Found a runed translucent gate.
 48801 | Vaults:3 | Found a runed translucent gate.
 48801 | Vaults:3 | Found a runed translucent gate.
 48802 | Vaults:3 | Noticed dolemite99's ghost (veteran DrFE)
 48936 | Vaults:3 | Noticed Sojobo
 48957 | Vaults:3 | Killed Sojobo
 48958 | Vaults:3 | Reached skill level 8 in Shields
 49028 | Vaults:3 | Reached skill level 22 in Fighting
 49051 | Vaults:3 | Reached XP level 22. HP: 149/196 MP: 30/33
 49192 | Vaults:3 | Your ally Sojobo died
 49194 | Vaults:3 | Reached skill level 9 in Shields
 49529 | Vaults:3 | Reached skill level 10 in Shields
 49656 | Vaults:3 | Reached skill level 11 in Shields
 50185 | Vaults:3 | Found Hasidual's Distillery.
 50190 | Vaults:3 | Bought a potion of mutation for 176 gold pieces
 50190 | Vaults:3 | Bought a potion of resistance for 220 gold pieces
 50190 | Vaults:3 | Bought a potion of might for 88 gold pieces
 50254 | Vaults:3 | Found an iron altar of Okawaru.
 50269 | Vaults:3 | Reached skill level 12 in Shields
 50284 | Vaults:3 | Killed dolemite99's ghost
 50334 | Vaults:3 | Identified the +2 chain mail "Hesycos" {Int+3}
 50806 | Vaults:4 | Reached skill level 13 in Shields
 51267 | Vaults:4 | Reached skill level 14 in Shields
 52050 | Depths:1 | Entered Level 1 of the Depths
 52050 | Depths:1 | Found a gateway to Hell.
 52182 | Depths:1 | Found Joecoiseu's Book Shoppe.
 52194 | Depths:1 | Reached skill level 15 in Shields
 52194 | Depths:1 | Reached XP level 23. HP: 188/203 MP: 34/34
 53132 | Depths:2 | Found a one-way gate to the infinite horrors of the Abyss.
 53425 | Depths:2 | Found a blossoming altar of Fedhas.
 53552 | Depths:2 | Found a one-way gateway to a ziggurat.
 53795 | Depths:2 | Found a one-way gate leading to the halls of Pandemonium.
 53829 | Depths:2 | You are sucked into a shaft and drop 2 floors!
 53829 | Depths:4 | Entered Level 4 of the Depths
 54330 | Depths:4 | Found a gate to the Realm of Zot.
 54348 | Depths:4 | Reached skill level 11 in Armour
 54636 | Depths:4 | Got a midnight gem with 454 turns to spare
 54695 | Depths:4 | Noticed a caustic shrike
 54695 | Depths:4 | Noticed a caustic shrike
 54695 | Depths:4 | Noticed a caustic shrike
 54696 | Depths:4 | Noticed a caustic shrike
 54696 | Depths:4 | Noticed a caustic shrike
 54701 | Depths:4 | Killed a caustic shrike
 54701 | Depths:4 | Killed a caustic shrike
 54701 | Depths:4 | Killed a caustic shrike
 54702 | Depths:4 | Reached skill level 23 in Polearms
 54702 | Depths:4 | Reached skill level 23 in Dodging
 54703 | Depths:4 | Killed a caustic shrike
 54704 | Depths:4 | Killed a caustic shrike
 54924 | Depths:4 | Noticed Jory
 54956 | Depths:4 | Killed Jory
 55081 | Depths:4 | Lost the midnight gem through the power of Zot.Gained a
                  | life (12 lives remaining)
 55433 | Depths:3 | Reached XP level 24. HP: 213/213 MP: 34/34
 55759 | Depths:3 | Identified the +2 helmet of the Prince of Darkness {Int+5
                  | Dex+5}
 56024 | Depths:3 | Found a basalt altar of Yredelemnul.
 56191 | Depths:3 | Noticed Parghit
 56210 | Depths:3 | Killed Parghit
 56211 | Depths:3 | Reached skill level 23 in Fighting
 56325 | Depths:3 | Identified the +0 dagger of Fury {venom, Int+3}
 57026 | Depths:2 | Noticed a juggernaut
 57051 | Depths:2 | Killed a juggernaut
 57982 | D:9      | Bought a ring of willpower for 300 gold pieces
 58326 | Vaults:4 | You are sucked into a shaft and drop 1 floor!
 58326 | Vaults:5 | Entered Level 5 of the Vaults
 58412 | Vaults:5 | Noticed a dread lich
 58419 | Vaults:5 | Killed a dread lich
 58427 | Vaults:5 | Reached skill level 16 in Invocations
 58474 | Vaults:5 | Noticed an ancient lich
 58485 | Vaults:5 | Killed an ancient lich
 58497 | Vaults:5 | Identified the +6 flail of Yvetoib {freeze, rElec rC+}
 58992 | Vaults:5 | Identified the ring "Ideuxt" {rPois Slay+3}
 59057 | Vaults:5 | Reached skill level 24 in Polearms
 59977 | Vaults:5 | Identified the +10 scimitar "Doemyunn" {vamp, *Slow +Blink
                  | rF+ Str+4}
 60015 | Vaults:5 | Identified the +1 ring mail of Anaesthesia {*Slow rN+
                  | Slay+6 Stlth+}
 60028 | Vaults:5 | Identified the +5 rapier of Hubris {venom, rPois rF+}
 60078 | Vaults:5 | Reached skill level 24 in Dodging
 60084 | Vaults:5 | Reached skill level 12 in Armour
 60264 | Vaults:5 | Reached XP level 25. HP: 217/217 MP: 35/35
 60488 | Vaults:5 | Reached skill level 17 in Invocations
 60735 | Vaults:5 | Got a silver rune of Zot
 61267 | Vaults:5 | Your ally Zenata died
 61447 | Vaults:5 | Identified the staff "Xuatel" {Dex+4 Tloc Earth}
 61663 | Vaults:5 | Identified the +2 sling "Buis" {speed, Str+2}
 61669 | Vaults:5 | Got Xasiqialie's Incunable of the Scorpion and Embers
 61879 | Crypt:1  | Entered Level 1 of the Crypt
 62201 | Zot:1    | Entered Level 1 of the Realm of Zot
 62212 | Zot:1    | Learned a level 1 spell: Apportation
 62272 | Zot:3    | Reached skill level 3 in Translocations
 62716 | Zot:4    | Noticed a Killer Klown
 62719 | Zot:4    | Noticed a Killer Klown
 62739 | Zot:4    | Killed a Killer Klown
 62740 | Zot:4    | Reached skill level 4 in Translocations
 62758 | Zot:4    | Killed a Killer Klown
 62816 | Zot:4    | Reached skill level 5 in Translocations
 62976 | Zot:5    | Entered Level 5 of the Realm of Zot
 63041 | Zot:5    | Reached skill level 6 in Translocations
 63553 | Zot:5    | Reached skill level 7 in Translocations
 63714 | Zot:5    | Noticed an ancient lich
 63728 | Zot:5    | Killed an ancient lich
 63949 | Zot:5    | Reached skill level 8 in Translocations
 64395 | Zot:5    | Noticed an ancient lich
 64396 | Zot:5    | Noticed a dread lich
 64396 | Zot:5    | Noticed a Killer Klown
 64396 | Zot:5    | Noticed an ancient lich
 64397 | Zot:5    | Noticed a dread lich
 64397 | Zot:5    | Noticed a Killer Klown
 64397 | Zot:5    | Noticed an orb of fire
 64397 | Zot:5    | Noticed a dread lich
 64402 | Zot:5    | Got the Orb of Zot
 64403 | Zot:5    | Noticed a dread lich
 64403 | Zot:5    | Noticed an ancient lich
 64403 | Zot:5    | Noticed a Killer Klown
 64403 | Zot:5    | Noticed an orb of fire
 64403 | Zot:5    | Gained mutation: Armour fits poorly on your strangely
                  | shaped body. [an orb of fire]
 64403 | Zot:5    | Noticed a Killer Klown
 64404 | Zot:5    | Noticed an ancient lich
 64596 | Depths:1 | Noticed Ateokh the pandemonium lord
 64620 | D:15     | Noticed Bainlij the pandemonium lord
 64910 | D:$      | Escaped with the Orb!

Illustrated notes

Levels and vault maps discovered:
D:1:      dpeg_arrival_connections, layout_basic, roderic_serpentine_path
D:2:      layout_basic
D:3:      minmay_chambers_of_threes, layout_rooms, minitemple,
          hellmonk_ecumenical_altar_dog_temple, minmay_misc_feat_pillars,
          grunt_decor_one_mirror
D:4:      layout_basic, serial_park_tiny_1, dk_vineyard_3, feat_on_display,
          uniq_sigmund
D:5:      layout_cave_pools, minmay_temple_entry_trees, serial_shops,
          nicolae_lakefront_shop, st_stairs_6, uniq_duvessa, uniq_pikel,
          uniq_edmund
D:6:      layout_rooms, enter_ossuary_2, minmay_misc_feat_four_crosses,
          minmay_nine_imps, uniq_maggie, uniq_grinder
D:7:      gammafunk_beogh_shrine, layout_loops_ring, uniq_jeremiah
D:8:      layout_basic, uniq_erica
D:9:      layout_irregular_city, elyvilon_altar_4, serial_shops, shop
D:10:     cheibrodos_iron_armory, layout_gridville, erik_lair_orcish_takeover,
          david_orc_2, kennysheep_windowed_goal
D:11:     layout_loops_ring, minmay_the_grid_2x2 [minmay_the_grid_slots,
          minmay_the_grid_garden, minmay_the_grid_aliased_spiral,
          minmay_the_grid_prize_diamond_cup], uniq_maurice
D:12:     layout_grid_maze, gauntlet_entry_generic
D:13:     layout_basic
D:14:     layout_long_grid, grunt_vaults_entry_tiered
D:15:     grunt_enter_depths_snipers, layout_irregular_city, solitary_fountain
Lair:1:   layout_regular_city, enter_volcano_2, uniq_joseph
Lair:2:   layout_gridlike, spider_nest_entry_web_field
Lair:3:   layout_cave_pods, minmay_shoals_entry_lonely_mermaid,
          serial_bayou_lagoon_a
Lair:4:   beast_lair_carwin_large_2, layout_small_grid,
          minmay_slime_entry_oklob_enclosed, lemuel_fruit_fields
Lair:5:   hangedman_lair_caniforms_friends, layout_regular_city,
          hangedman_lair_in_review, basic_altar, wad_woods_road_01
Shoals:1: layout_shoals, serial_shops, nicolae_shop_statue_plus
Shoals:2: layout_shoals
Shoals:3: layout_shoals, uniq_nikola, uniq_mara, uniq_louise
Shoals:4: shoals_end_hellmonk_lost_city
Spider:1: layout_spider_delve
Spider:2: layout_spider_delve, hangedman_spider_tarantella_strand
Spider:3: layout_cave_pods
Spider:4: grunt_spider_rune_parallel, hive_lemuel, uniq_donald
Orc:1:    layout_diamond_mine, regret_index_minedec_shroomtown_chain,
          uniq_nergalle
Orc:2:    grunt_orc_community_town_hall, layout_caves,
          grunt_orc_community_big_house_2, grunt_orc_community_big_house_2,
          grunt_orc_community_house_3, grunt_orc_community_house_2,
          grunt_orc_community_house_1, grunt_orc_community_house_1,
          grunt_orc_community_house_2, grunt_orc_community_house_2,
          serial_shops, bzr_in_the_mist
Elf:1:    layout_geoelf_octagon, kennysheep_underground_church, uniq_azrael
Elf:2:    nicolae_elf_blades_crystal_corner, layout_onion_city,
          nicolae_gammafunk_elf_defective_weapons_storage
Elf:3:    nooodl_elf_gasket, layout_onion_city, serial_shops, shop,
          nicolae_shop_back_alley_shop, shop, shop_statue, shop, st_stairs_2
Vaults:1: nicolae_vaults_puzzle_piece, nicolae_vaults_weapon_check,
          grunt_vaults_hallway_short, v_misc_22, v_alt_pattern_5,
          nicolae_vaults_two_Ls, nicolae_vaults_mini_display_case,
          nicolae_vaults_gold_heap, layout_vaults_omnigrid, serial_shops,
          nicolae_shop_back_alley_shop, uniq_zenata
Vaults:2: nicolae_vaults_closet_pinwheel_2, nicolae_vaults_tetromino_T_1,
          nicolae_vaults_apartment_2, hangedman_vaults_variations,
          nicolae_vaults_alarming, hangedman_vaults_restitches,
          ontoclasm_vaults_ring_square, minmay_crypt_entry_vampire_xt,
          hangedman_vaults_impose, grunt_vaults_twisty, vaults_mumra_hexcomb,
          ontoclasm_vaults_decontamination, layout_vaults_ring
Vaults:3: gammafunk_ghost_fury_of_okawaru, vaults_mumra_hex, v_rooms_3,
          nicolae_vaults_tangram_2, hangedman_vaults_snaps,
          nicolae_vaults_antechamber_and_loot_room,
          nicolae_vaults_ninety_degrees, hangedman_vaults_corner,
          nicolae_vaults_closet_pinwheel_4, ontoclasm_vaults_pinch,
          nicolae_vaults_trapezoid_2, vaults_room_hallway,
          layout_vaults_maze_snakey, serial_shops, nicolae_shop_hallway_plus,
          uniq_sojobo
Vaults:4: nicolae_vaults_double_plus_1, nicolae_vaults_two_Ls,
          nicolae_vaults_tetromino_Z_1, ontoclasm_vaults_twist,
          ontoclasm_vaults_misaligned, nicolae_vaults_turnstiles,
          nicolae_vaults_offset_grid_hallway_4, nicolae_vaults_big_angled_halls,
          nicolae_vaults_network_periphery, layout_vaults_omnicross,
          uniq_saint_roka
Vaults:5
Crypt:1:  layout_catacombs, grunt_crypt_arrival_split, uniq_josephina
Depths:1: layout_cave_shapes, hangedman_coc_ice_floe, wad_floor_pattern_1,
          kennysheep_cluttered_room, nicolae_inconvenience_store,
          kennysheep_boxes
Depths:2: evilmike_pillar_path, layout_basic, enter_ziggurat_a, hell_entry,
          pan_entry, roderic_lattice_octagonal_star, abyss_entry, fedhas_altar_3
Depths:3: dreamdust_cat_pyramid, layout_gridville, rand_demon_pan_entry_4,
          hell_entry, abyss_entry, infiniplex_staircase_diamond, special_room
          [special_room_mythical_zoo], yredelemnul_altar_generic, uniq_parghit
Depths:4: grunt_crosshair, layout_gridlike, minmay_misc_feat_hallway,
          lightli_too_deep, grunt_decor_cap, uniq_jory
Zot:1:    layout_cathedral_of_symmetry
Zot:2:    layout_cathedral_of_symmetry
Zot:3:    layout_basic, regret_index_zotdec_silver_v_v_orig_slice,
          skrybe_zot_glass_3, grunt_megastairs_3, lemuel_elevator
Zot:4:    grunt_zot_stairs_faceoff, layout_basic, grunt_megastairs_1
Zot:5:    layout_basic

Skill      XL: |  1  2  3  4  5  6  7  8  9 10 11 12 13 14 15 16 17 18 19 20 21 22 23 24 25 |
---------------+----------------------------------------------------------------------------+-----
Stealth        | 1 3 |  3.0
Long Blades    | 3 4 5 6 7 9 |  9.0
Fighting       | 3 4 6 7 8 9 10 12 14 16 17 18 20 22 23 | 23.7
Dodging        | 3 4 5 7 8 9 13 15 16 17 19 20 22 23 24 | 24.4
Polearms       | 4 8 12 13 14 16 18 20 21 22 23 24 | 24.5
Shields        | 3 4 8 15 | 15.8
Evocations     | 2 5 6 8 10 | 10.0
Spellcasting   | 5 |  5.1
Invocations    | 1 8 9 10 13 15 16 17 | 17.0
Armour         | 4 6 9 10 11 12 | 12.0
Alchemy        | 6 13 14 | 14.0
Translocations | 8 |  8.7
Throwing       | |  1.0

Action                     |  1- 3 |  4- 6 |  7- 9 | 10-12 | 13-15 | 16-18 | 19-21 | 22-24 | 25-27 || total
---------------------------+-------+-------+-------+-------+-------+-------+-------+-------+-------++-------
  Melee: Falchion          |    17 |   129 |   164 |       |       |       |       |       |       ||   310
         Quarterstaff      |    80 |       |       |       |       |       |       |       |       ||    80
         Punch             |     1 |     1 |     2 |       |       |       |       |       |       ||     4
         Trident           |       |       |   235 |   716 |  1333 |   973 |       |       |       ||  3257
         Demon trident     |       |       |       |       |       |   226 |  1381 |  1104 |   503 ||  3214
  Throw: Dart              |     3 |       |     7 |     5 |     3 |       |     3 |     4 |       ||    25
   Cast: Olgreb's Toxic Ra |       |       |       |       |       |    24 |    12 |       |       ||    36
         Blink             |       |       |       |       |       |       |       |       |     2 ||     2
 Invoke: Recall Undead Har |       |       |     2 |     5 |     4 |     5 |     9 |    10 |     1 ||    36
         Dark Bargain      |       |       |       |     2 |       |       |     1 |       |       ||     3
         Bind Soul         |       |       |       |       |       |     2 |     2 |       |       ||     4
         Drain Life        |       |       |       |       |       |       |     4 |     4 |     5 ||    13
  Evoke: Wand              |       |       |     2 |       |     5 |     1 |     9 |       |    18 ||    35
         Phantom mirror    |       |       |       |       |     1 |       |       |       |       ||     1
         Phial of floods   |       |       |       |       |       |     1 |     2 |       |       ||     3
         Lightning rod     |       |       |       |       |       |       |     4 |     4 |       ||     8
         Tin of tremorston |       |       |       |       |       |       |     2 |     2 |     2 ||     6
         Sack of spiders   |       |       |       |       |       |       |     1 |       |     1 ||     2
    Use: Scroll            |     6 |     2 |     8 |     9 |     6 |     8 |     6 |     4 |    25 ||    74
         Potion            |       |       |     3 |       |       |       |     1 |       |    16 ||    20
   Stab: Sleeping          |     4 |     5 |     4 |     1 |     1 |     3 |       |       |       ||    18
         Distracted        |       |       |     1 |     1 |    21 |    34 |    37 |    48 |     7 ||   149
         Paralysed         |       |       |       |       |     3 |       |     2 |       |     3 ||     8
         Petrified         |       |       |       |       |     2 |       |       |       |       ||     2
         Invisible         |       |       |       |       |       |       |       |       |    11 ||    11
         Held in net/web   |       |       |       |       |       |       |       |       |     2 ||     2
 Armour: Leather armour    |    52 |    68 |   109 |       |       |       |       |       |       ||   229
         Scale mail        |       |       |    81 |   284 |   503 |   558 |   489 |   315 |   175 ||  2405
  Dodge: Dodged            |    59 |    89 |   161 |   181 |   398 |   581 |   660 |   454 |   315 ||  2898
  Block: Buckler           |       |       |    45 |   154 |   257 |   303 |   313 |   248 |       ||  1320
         Kite shield       |       |       |       |       |       |       |       |    41 |   300 ||   341

Table legend: (Time is in decaauts)
 A = Elapsed time spent in this place.
 B = Non-inter-level travel time spent in this place.
 C = Inter-level travel time spent in this place.
 D = Time resting spent in this place.
 E = Time spent auto-exploring this place.
 F = Levels seen in this place.
 G = Mean time per level.
                   A        B        C        D        E       F      G
               +--------+--------+--------+--------+--------+-----+--------+
         Total |  64280 |  58185 |   6095 |   9371 |  36256 |  52 | 1236.2 |
       Dungeon |  18437 |  15809 |   2628 |   2294 |   9947 |  15 | 1229.1 |
          Lair |   6980 |   6116 |    864 |    640 |   4269 |   5 | 1396.0 |
        Shoals |   4896 |   4526 |    370 |   1133 |   2550 |   4 | 1224.0 |
   Spider Nest |   5025 |   4600 |    425 |    312 |   3301 |   4 | 1256.2 |
  Orcish Mines |   2673 |   2298 |    375 |     20 |   1711 |   2 | 1336.5 |
   Elven Halls |   5711 |   5337 |    374 |    570 |   3817 |   3 | 1903.7 |
        Vaults |  10356 |   9656 |    700 |   1896 |   5834 |   5 | 2071.2 |
         Crypt |     92 |     76 |     16 |     41 |     17 |   1 |   92.0 |
        Depths |   5880 |   5639 |    241 |    879 |   3920 |   4 | 1470.0 |
           Zot |   2157 |   2060 |     97 |   1091 |    362 |   5 |  431.4 |
        Bazaar |    230 |    230 |      0 |      0 |    111 |   1 |  230.0 |
       Ossuary |    391 |    391 |      0 |    143 |     33 |   1 |  391.0 |
       Volcano |    792 |    792 |      0 |    301 |    143 |   1 |  792.0 |
      Gauntlet |    654 |    654 |      0 |     46 |    236 |   1 |  654.0 |
               +--------+--------+--------+--------+--------+-----+--------+

Top non-repeatable levels by time:
Vaults:5: 3312 daAuts
   Elf:3: 2594 daAuts
  Lair:5: 2041 daAuts
Vaults:3: 1915 daAuts
   Elf:2: 1844 daAuts
Vaults:1: 1798 daAuts
   Orc:2: 1792 daAuts
     D:2: 1775 daAuts
    D:10: 1732 daAuts
Vaults:2: 1677 daAuts
Depths:4: 1658 daAuts
Depths:2: 1657 daAuts
Vaults:4: 1651 daAuts
Spider:4: 1573 daAuts
    D:12: 1531 daAuts

Table legend:
 A = Kills in this place as a percentage of kills in the entire game.
 B = Kills by you in this place as a percentage of kills by you in the entire game.
 C = Kills by friends in this place as a percentage of kills by friends in the entire game.
 D = Other kills in this place as a percentage of other kills in the entire game.
 E = Experience gained in this place as a percentage of experience gained in the entire game.
 F = Experience gained in this place divided by the number of levels of this place that you have seen.
                   A       B       C       D       E      F
               +-------+-------+-------+-------+-------+----------------------
         Total | 100.0 | 100.0 | 100.0 | 100.0 | 100.0 | 20747.6
       Dungeon |  20.5 |  24.4 |   9.8 |   0.0 |   7.3 | 5255.4
          Lair |  10.5 |  10.1 |  11.5 |  11.1 |   6.4 | 13852.0
        Shoals |   8.4 |   6.8 |  13.1 |   0.0 |   9.1 | 24626.0
   Spider Nest |  13.2 |  12.9 |  14.4 |  11.1 |  10.5 | 28351.0
  Orcish Mines |   7.7 |  10.2 |   0.7 |   0.0 |   1.5 | 8250.5
   Elven Halls |   6.3 |   7.6 |   2.5 |  11.1 |   9.5 | 34155.7
        Vaults |  18.9 |  15.1 |  29.5 |  33.3 |  30.2 | 65145.4
         Crypt |   0.3 |   0.5 |   0.0 |   0.0 |   0.2 | 1883.0
        Depths |   9.7 |   7.2 |  16.5 |  22.2 |  17.8 | 48025.2
           Zot |   2.5 |   2.7 |   2.0 |  11.1 |   6.4 | 13813.6
       Ossuary |   0.7 |   0.9 |   0.0 |   0.0 |   0.1 | 609.0
       Volcano |   1.0 |   1.4 |   0.0 |   0.0 |   0.7 | 7385.0
      Gauntlet |   0.2 |   0.3 |   0.0 |   0.0 |   0.3 | 3133.0
               +-------+-------+-------+-------+-------+----------------------
